 Dungeon Crawl Stone Soup version 0.31-a0-986-g5e6e4ef867 (webtiles) character file.

Game seed: 16860847020288096641

104 dialectric the Trooper (level 4, -4/3 HPs)
             Began as a Demonspawn Fighter on Nov 18, 2023.
             Was an Initiate of Yredelemnul.
             Slain by a kobold
             ... wielding a +0 short sword of speed
              (5 damage)
             ... on level 2 of the Dungeon.
             The game lasted 00:02:24 (2067 turns).

dialectric the Trooper (Demonspawn Fighter)         Turns: 2067, Time: 00:02:25

HP:   -4/3 (3)      AC:  0    Str: 18    XL:     4   Next: 52%
MP:   4/4           EV: 12    Int:  9    God:    Yredelemnul [......]
Gold: 162           SH:  0    Dex: 13    Spells: 3/3 levels left

rFire   . . .        a - melded +0 flail
rCold   . . .        (shield currently unavailable)
rNeg    . . .        b - melded +0 scale mail
rPois   ∞            (helmet currently unavailable)
rElec   +            (cloak currently unavailable)
rCorr   .            (gloves currently unavailable)
SInv    .            (boots currently unavailable)
Will    .....        (no amulet)
Stlth   +            (no ring)
HPRegen 0.20/turn    (no ring)
MPRegen 0.18/turn

%: no passive effects
@: storm-form, flying, drained
A: cleaving, insubstantial, flying, reduced hp, magic regeneration, (sanguine
armour 1)
a: Blinkbolt, Begin Untransformation, Renounce Religion, Recall Undead Harvest


You were on level 2 of the Dungeon.
You worshipped Yredelemnul.
Yredelemnul was noncommittal.
You were a lightning-filled tempest!
You visited 1 branch of the dungeon, and saw 3 of its levels.

You collected 162 gold pieces.

Inventory:

Hand Weapons
 a - a +0 flail (melded)
 m - a +2 dagger of draining
Armour
 b - a +0 scale mail (melded)
 c - a +0 buckler
Jewellery
 d - a ring of positive energy
 j - a ring of flight
Talismans
 s - a storm talisman (active)
Wands
 o - a wand of light (13)
Scrolls
 g - a scroll of enchant weapon {unknown}
 h - 2 scrolls of vulnerability {unknown}
 k - 2 scrolls of teleportation {unknown}
 l - 3 scrolls of identify {unknown}
 q - a scroll of brand weapon {unknown}
 t - a scroll of immolation {unknown}
Potions
 e - a potion of mutation {unknown}
 f - a potion of brilliance {unknown}
 i - 3 potions of enlightenment {unknown}
 n - a potion of degeneration {unknown}
 p - a potion of curing {unknown}
 r - a potion of resistance {unknown}


   Skills:
 + Level 3.5 Fighting
 + Level 2.8 Maces & Flails
 + Level 3.4 Armour
 * Level 1.5 Dodging
 - Level 2.6 Shields


You had 3 spell levels left.
You didn't know any spells.
Your spell library contained the following spells:

 Spells                   Type           Power      Damage    Failure   Level
 Stone Arrow              Conj/Erth      0%         3d7       77%         3
 Animate Armour           Summ/Erth      0%         N/A       99%         4
 Lehudib's Crystal Spear  Conj/Erth      0%         10d2      100%        8


Dungeon Overview and Level Annotations

Branches:
Dungeon (3/15)

Altars:
Yredelemnul


Innate Abilities, Weirdness & Mutations

You are a lightning-filled tempest!
Your electrical attacks strike out in all directions at once.
You are incredibly evasive.
Your insubstantial body is immune to petrification, constriction, and being set on fire You are flying.
Your maximum health is decreased, since you lack skill for your form.
Your armour is entirely melded.
You are incapable of wielding weapons or throwing items.
You are immune to poison.
You regenerate magic rapidly.
((When seriously injured, your blood forms armour. (AC +0)))


Message History

A kobold is nearby!
A kobold is nearby!
Found 8 gold pieces.
The kobold throws a stone.
The stone closely misses you.
A kobold is nearby!
Found 13 gold pieces.
You hit the kobold.
The kobold is moderately wounded.
The kobold closely misses you.
You barely miss the kobold.
The kobold is moderately wounded.
The kobold barely misses you.
You barely miss the kobold.
The kobold is moderately wounded.
The kobold barely misses you.
The kobold hits you with a +0 short sword of speed.
Ouch! That really hurt!
You are too injured to fight recklessly!
You are too injured to fight recklessly!
You are too injured to fight recklessly!
You are too injured to fight recklessly!
You are too injured to fight recklessly!
You are too injured to fight recklessly!
You are too injured to fight recklessly!
You hit the kobold but do no damage.
The kobold is moderately wounded.
The kobold hits you with a +0 short sword of speed.
You barely miss the kobold.
The kobold is moderately wounded.
The kobold closely misses you. x2
You closely miss the kobold.
The kobold is moderately wounded.
The kobold barely misses you.
Unknown command.
You hit the kobold.
The kobold is severely wounded.
The kobold barely misses you.
The kobold hits you with a +0 short sword of speed.
Ouch! That really hurt!
You die...
Your body rises from the dead as a mindless zombie.

.#####....#........####.
........#...#.####......
~.~~~~~........... ....
~.≈~≈≈~....##.#### # #
~.~≈≈~≈.......# ##
≈.~~~~~.#..#### ##.
~$.........## ##..
..)~~~~.....# #...
~~.≈≈≈~v.##.?# #...
≈~.≈≈≈≈K.# #..#### ##..#
≈~.~≈≈~..# ##.....##...#
~~.~~~~... ......K#K..##
..........# #....K..#>#
##........# #.....###?..
#........# ##.#.. ..#.
#.$....... #.... .....
..........


You could see a kobold.

Vanquished Creatures
  An orc wizard (D:3)
  2 adders (D:3)
  2 worms
  6 orcs (D:3)
  2 bats (D:1)
  5 endoplasms
  A giant cockroach (D:3)
  5 goblins
  3 hobgoblins
  3 jackals (D:3)
  3 kobolds (D:3)
  2 quokkas
  3 ball pythons
  A frilled lizard (D:1)
  4 rats
43 creatures vanquished.

Vanquished Creatures (collateral kills)
  A ball python (D:1)
  An endoplasm (D:1)
2 creatures vanquished.

Vanquished Creatures (others)
  An endoplasm zombie (D:3)
  A giant cockroach zombie (D:3)
  A hobgoblin zombie (D:2)
  3 orc zombies (D:3)
6 creatures vanquished.

Grand Total: 51 creatures vanquished

Notes
Turn   | Place    | Note
-------+----------+-------------------------------------------
     0 | D:1      | dialectric the Demonspawn Fighter began the quest for the
                  | Orb.
     0 | D:1      | Reached XP level 1. HP: 18/18 MP: 1/1
   234 | D:1      | Found a faded altar of an unknown god.
   238 | D:1      | Gained mutation: When seriously injured, your blood forms
                  | armour. (AC +0) [demonic ancestry]
   238 | D:1      | Reached XP level 2. HP: 19/24 MP: 2/2
   246 | D:1      | Prayed at the altar of an unknown god.
   246 | D:1      | Became a worshipper of Yredelemnul the Dark
   246 | D:1      | Reached * piety under Yredelemnul
   391 | D:1      | Reached ** piety under Yredelemnul
  1006 | D:2      | Reached skill level 1 in Dodging
  1023 | D:3      | Reached XP level 3. HP: 14/29 MP: 3/3
  1185 | D:3      | Gained mutation: You regenerate magic rapidly. [demonic
                  | ancestry]
  1185 | D:3      | Reached XP level 4. HP: 9/30 MP: 4/4
  2067 | D:2      | Slain by a kobold

Illustrated notes

Levels and vault maps discovered:
D:1:      dpeg_arrival_houses_and_road, layout_basic,
          shapermc_ecumenical_altar_mp_highgroup
D:2:      layout_rooms, minivault_14, chequers_serial_rivers_room_a
D:3:      layout_basic, nicolae_figureground_sparkle

Skill      XL: |  1  2 |
---------------+-------+-----
Maces & Flails | 2 |  2.8
Armour         | 3 |  3.4
Dodging        | 1 |  1.5
Fighting       | |  3.5
Shields        | |  2.6

Action                     |  1- 3 |  4- 6 || total
---------------------------+-------+-------++-------
  Melee: Flail             |    70 |    44 ||   114
         Unarmed           |       |     7 ||     7
    Use: Potion            |     1 |       ||     1
 Armour: Scale mail        |    79 |    52 ||   131
         Skin              |       |     3 ||     3
  Dodge: Dodged            |    37 |    45 ||    82
   Form: Storm             |       |     1 ||     1

Table legend: (Time is in decaauts)
 A = Elapsed time spent in this place.
 B = Non-inter-level travel time spent in this place.
 C = Inter-level travel time spent in this place.
 D = Time resting spent in this place.
 E = Time spent auto-exploring this place.
 F = Levels seen in this place.
 G = Mean time per level.
                   A        B        C        D        E       F      G
               +--------+--------+--------+--------+--------+-----+--------+
         Total |   2099 |   2073 |     26 |     58 |   1574 |   3 |  699.7 |
       Dungeon |   2099 |   2073 |     26 |     58 |   1574 |   3 |  699.7 |
               +--------+--------+--------+--------+--------+-----+--------+

Top non-repeatable levels by time:
     D:3: 1028 daAuts
     D:1: 970 daAuts
     D:2: 100 daAuts
